 Dungeon Crawl Stone Soup version 0.28-b1-25-g9875b3fc8c (webtiles) character file.

Game seed: 15281127272252387697

28207 inmateoo the Impaler (level 13, 0/105 HPs)
             Began as a Merfolk Gladiator on Feb 5, 2022.
             Was a High Priest of Wu Jian.
             Slain by a reaper (36 damage)
             ... in an ice cave.
             The game lasted 00:20:18 (17831 turns).

inmateoo the Impaler (Merfolk Gladiator)           Turns: 17831, Time: 00:20:19

Health: 0/105      AC: 21    Str: 18    XL:     13   Next: 37%
Magic:  13/13      EV: 18    Int:  7    God:    Wu Jian [*****.]
Gold:   685        SH:  6    Dex: 17    Spells: 12/12 levels left

rFire   . . .      SeeInvis .   a - +2 trident
rCold   + + .      Faith    .   G - +0 buckler
rNeg    + . .      Spirit   .   g - +0 ice dragon scales
rPois   .          Reflect  .   c - +0 helmet
rElec   .          Harm     .   b - +0 cloak
rCorr   .          Rampage  .   w - +2 pair of gloves
Will    .....                   f - +2 pair of boots
Stlth   ..........              m - amulet of the acrobat
HPRegen 0.27/turn               k - ring of positive energy
MPRegen 0.13/turn               t - ring of protection from fire

@: exhausted, in a heavenly storm, glowing, studying Maces & Flails
A: (nimble swimmer 2), mertail
a: Renounce Religion, Wall Jump, Serpent's Lash, Heavenly Storm


You were in an ice cave.
You worshipped Wu Jian.
Wu Jian was extremely pleased with you.
You visited 1 branch of the dungeon, and saw 13 of its levels.
You also visited: Ice Cave.

You collected 897 gold pieces.
You spent 212 gold pieces at shops.

Inventory:

Hand Weapons
 a - a +2 trident (weapon)
 p - the +5 whip of Jijioff {antimagic, rN+ Str-3 Dex+10}
   (You found it on level 3 of the Dungeon)

   It reduces the magical energy of the wielder, and disrupts the spells and
   magical abilities of those it strikes.
   Natural abilities and divine invocations are not affected.
   Str:       It affects your strength (-3).
   Dex:       It affects your dexterity (+10).
   rN:        It protects you from negative energy.
 v - a +2 flail of draining
Missiles
 d - a throwing net (quivered)
Armour
 b - a +0 cloak (worn)
 c - a +0 helmet (worn)
 f - a +2 pair of boots (worn)
 g - +0 ice dragon scales (worn)
 l - a +0 troll leather armour
 w - a +2 pair of gloves (worn)
 G - a +0 buckler (worn)
 J - a +1 scale mail of cold resistance
Jewellery
 k - a ring of positive energy (left hand)
 m - an amulet of the acrobat (around neck)
 t - a ring of protection from fire (right hand)
 y - a ring of protection from fire
 A - an amulet of reflection
 I - a +6 ring of dexterity
 K - a +6 ring of intelligence
Wands
 s - a wand of digging (10)
 x - a wand of flame (18)
 B - a wand of polymorph (6)
 D - a wand of iceblast (8)
Scrolls
 e - 8 scrolls of identify
 o - 2 scrolls of blinking
 r - a scroll of teleportation
 E - 2 scrolls of enchant armour
 H - a scroll of immolation
Potions
 h - 3 potions of lignification
 i - 2 potions of brilliance
 j - 3 potions of flight
 n - 10 potions of curing
 q - 2 potions of magic
 u - 3 potions of mutation
 z - a potion of heal wounds
 C - a potion of resistance
 M - a potion of invisibility
Miscellaneous
 F - a phantom mirror (inert)
 L - a phial of floods (inert)


   Skills:
 + Level 10.8 Fighting
 * Level 19.1 Polearms
 - Level 2.0 Throwing
 + Level 7.4 Armour
 + Level 13.0 Dodging
 + Level 5.0 Shields
 - Level 4.0 Evocations


You had 12 spell levels left.
You didn't know any spells.
Your spell library contained the following spells:

 Spells                   Type           Power      Damage    Failure   Level
 Magic Dart               Conj           0%         1d3       91%         1
 Call Imp                 Summ           0%         N/A       97%         2
 Sublimation of Blood     Necr           0%         N/A       97%         2
 Wereblood                Tmut           0%         N/A       97%         2
 Gell's Gravitas          Tloc           0%         N/A       99%         3
 Mephitic Cloud           Conj/Pois/Air  0%         N/A       99%         3
 Teleport Other           Tloc           0%         N/A       99%         3
 Airstrike                Air            0%         N/A       100%        4
 Petrify                  Tmut/Erth      0%         N/A       100%        4
 Summon Lightning Spire   Summ/Air       0%         N/A       100%        4
 Lightning Bolt           Conj/Air       0%         1d11      100%        5
 Metabolic Englaciation   Hex/Ice        0%         N/A       100%        5
 Dispersal                Tloc           0%         N/A       100%        6
 Statue Form              Tmut/Erth      0%         N/A       100%        6
 Summon Hydra             Summ           0%         N/A       100%        7


Dungeon Overview and Level Annotations

Branches:
Dungeon (13/15)            Temple (0/1) D:5            Lair (0/6) D:11
    Orc (0/2) D:9           IceCv (1/1)
 Vaults: D:13-14

Altars:
Cheibriados
Elyvilon
Hepliaklqana
Ru
Sif Muna
Uskayaw
Vehumet
Wu Jian
Yredelemnul
The Shining One
Beogh

Shops:
D:1 ([**   D:9 =   D:11 (*(*

Annotations:
D:4 Pikel
D:8 3 runed translucent doors, zkyp's ghost, novice DjGl
D:10 exclusion: ice statue


Innate Abilities, Weirdness & Mutations

((You are very nimble when in or above water. (Stealth+, EV+, Speed+++)))
Your lower body shifts to a powerful aquatic tail in water.


Message History

The reaper freezes you.
You are too injured to fight recklessly!
You are too injured to fight recklessly!
Your muscles tense, ready for explosive movement...
You spin and attack the reaper repeatedly, with incredible momentum.
You puncture the reaper!
The reaper is severely wounded.
You hit the reaper.
The reaper is severely wounded.
Your supernatural speed expires.
You spin and attack the reaper.
You puncture the reaper!
The reaper is severely wounded.
The reaper hits you with a +3 scythe of freezing!!
* * * LOW HITPOINT WARNING * * *
The reaper freezes you.
* * * LOW HITPOINT WARNING * * *
You feel much better.
The reaper hits you with a +3 scythe of freezing!
* * * LOW HITPOINT WARNING * * *
The reaper freezes you.
* * * LOW HITPOINT WARNING * * *
Okay, then.
You feel much better.
The reaper hits you with a +3 scythe of freezing!!
* * * LOW HITPOINT WARNING * * *
You feel much better. You block the reaper's attack.
You hit the reaper.
The reaper is almost dead.
You puncture the reaper!
The reaper is almost dead.
You block the reaper's attack.
You hit the reaper.
The reaper is almost dead.
The reaper hits you with a +3 scythe of freezing!!
* * * LOW HITPOINT WARNING * * *
The reaper freezes you.
* * * LOW HITPOINT WARNING * * *
You feel much better.
The reaper hits you with a +3 scythe of freezing!!!
You die...

##.##.#
####.#
#.##
##.#
##..#
##§.##
##§§.##
#§###§#
#§§2@##
##☼§##
##☼#
#..#
##.##
#..#
##.##
#..#
###.##


You could see a reaper.

Vanquished Creatures
  A hydra (D:12)
  Harold (D:8)
  A boulder beetle (D:12)
  Erica (D:8)
  5 two-headed ogres
  5 skeletal warriors
  An orc knight (D:10)
  3 deep elf pyromancers
  An ugly thing (D:13)
  Maurice (D:10)
  3 gargoyles
  4 freezing wraiths
  An anaconda simulacrum (IceCv)
  An entropy weaver simulacrum (IceCv)
  7 ice devils (D:10)
  6 trolls
  6 slime creatures
  A vampire (D:11)
  8 yaks
  3 wyverns
  4 wraiths
  5 vampire mosquitoes (D:13)
  Edmund (D:5)
  A harpy simulacrum (IceCv)
  2 acid dragons
  6 water moccasins
  3 sky beasts
  2 ice beasts (D:6)
  3 black bears
  15 orc warriors
  4 ogres
  3 centaurs
  4 lemures (D:5)
  A phantom (D:4)
  7 bullfrogs
  2 kobold brigands (D:9)
  A gnoll sergeant (D:10)
  3 two-headed ogre simulacra (IceCv)
  2 scorpions
  A cane toad simulacrum (IceCv)
  A water moccasin zombie (D:7)
  2 elephant simulacra (IceCv)
  5 killer bees (D:10)
  7 wights
  12 howler monkeys
  4 centaur zombies
  4 hounds
  8 orc priests
  A bullfrog skeleton (D:6)
  2 iguanas
  5 orc wizards
  2 troll simulacra (IceCv)
  A wolf simulacrum (IceCv)
  2 hound skeletons
  A mummy (D:5)
  A howler monkey zombie (D:9)
  5 gnolls (D:10)
  4 adders
  2 river rats (D:5)
  2 naga simulacra (IceCv)
  A shadow imp (D:6)
  7 white imps
  6 ufetubi
  An adder skeleton (D:4)
  2 worms
  2 dart slugs
  66 orcs
  3 endoplasms
  3 giant cockroaches
  4 goblins
  5 hobgoblins
  21 kobolds
  4 quokkas
  8 ball pythons
  8 bats
  3 frilled lizards
  13 rats
358 creatures vanquished.

Vanquished Creatures (collateral kills)
  A death knight (D:13)
  An orc warrior (D:9)
  4 orc priests (D:9)
  2 orcs (D:9)
8 creatures vanquished.

Vanquished Creatures (others)
  An orc warrior (D:9)
  36 fungi (D:11)
  40 plants
77 creatures vanquished.

Grand Total: 443 creatures vanquished

Notes
Turn   | Place    | Note
-------+----------+-------------------------------------------
     0 | D:1      | inmateoo the Merfolk Gladiator began the quest for the Orb.
     0 | D:1      | Reached XP level 1. HP: 16/16 MP: 1/1
    44 | D:1      | Found Ostrem's Assorted Antiques.
   169 | D:1      | Reached XP level 2. HP: 13/23 MP: 2/2
   254 | D:1      | Found Toeschim's Weapon Shoppe.
   277 | D:1      | Found a faded altar of an unknown god.
   296 | D:1      | Found Sereig's Antique Armour Emporium.
   321 | D:1      | Prayed at the altar of an unknown god.
   321 | D:1      | Became a worshipper of the Wu Jian Council
   321 | D:1      | Reached * piety under Wu Jian
   757 | D:1      | Reached skill level 5 in Polearms
   858 | D:1      | Found Aschith's General Store.
  1408 | D:2      | Reached XP level 3. HP: 27/28 MP: 3/3
  1655 | D:2      | Identified the +1 robe of Patoocui {Dex+2}
  2501 | D:3      | Found a shimmering blue altar of Sif Muna.
  2589 | D:3      | Identified the +5 whip of Jijioff {antimagic, rN+ Str-3
                  | Dex+10}
  2780 | D:3      | Reached XP level 4. HP: 34/34 MP: 1/4
  2817 | D:3      | Reached skill level 1 in Armour
  3060 | D:3      | Reached ** piety under Wu Jian
  3203 | D:4      | Reached skill level 6 in Polearms
  3203 | D:4      | Reached XP level 5. HP: 8/41 MP: 5/5
  3498 | D:4      | Reached skill level 5 in Dodging
  3572 | D:4      | Reached XP level 6. HP: 47/47 MP: 6/6
  3684 | D:4      | Reached skill level 7 in Polearms
  3792 | D:4      | Found a white marble altar of Elyvilon.
  3847 | D:4      | Noticed a water moccasin
  3867 | D:4      | Killed a water moccasin
  3868 | D:4      | Reached XP level 7. HP: 42/54 MP: 7/7
  4942 | D:5      | Entered Level 5 of the Dungeon
  5003 | D:5      | Noticed Edmund
  5056 | D:5      | Found a basalt altar of Yredelemnul.
  5109 | D:5      | Noticed Pikel
  5403 | D:5      | HP: 2/54 [lemure[Pikel] (8)]
  5461 | D:5      | HP: 3/81 [lemure[Pikel] (5)]
  5638 | D:5      | Reached skill level 8 in Polearms
  5662 | D:5      | Found a snail-covered altar of Cheibriados.
  5717 | D:5      | Found a staircase to the Ecumenical Temple.
  6377 | D:5      | Killed Edmund
  6512 | D:6      | Reached skill level 9 in Polearms
  6512 | D:6      | Reached XP level 8. HP: 61/61 MP: 8/8
  7146 | D:6      | Reached skill level 5 in Fighting
  7334 | D:7      | Reached skill level 10 in Polearms
  7613 | D:7      | Reached *** piety under Wu Jian
  7621 | D:7      | Reached XP level 9. HP: 63/69 MP: 9/9
  7643 | D:7      | Reached skill level 11 in Polearms
  8391 | D:8      | Reached skill level 12 in Polearms
  8683 | D:8      | Reached XP level 10. HP: 79/79 MP: 10/10
  8708 | D:8      | Reached skill level 13 in Polearms
  8883 | D:8      | Found a runed translucent gate.
  8884 | D:8      | Found a runed translucent gate.
  8884 | D:8      | Noticed zkyp's ghost (novice DjGl)
  8885 | D:8      | Found a runed translucent gate.
  8893 | D:8      | Noticed a nine-headed hydra
  8896 | D:8      | Noticed Erica
  8976 | D:8      | Killed Erica
  9302 | D:9      | Found a radiant altar of Vehumet.
  9316 | D:9      | Reached skill level 5 in Armour
  9352 | D:9      | Reached **** piety under Wu Jian
  9385 | D:9      | Reached skill level 14 in Polearms
  9603 | D:9      | Found a staircase to the Orcish Mines.
  9653 | D:9      | Found Ynealiops's Jewellery Shop.
  9672 | D:9      | Reached skill level 10 in Dodging
  9689 | D:9      | Noticed Harold
  9812 | D:8      | Killed Harold
  9813 | D:8      | Reached skill level 15 in Polearms
  9813 | D:8      | Reached XP level 11. HP: 65/87 MP: 11/11
 10017 | D:9      | Found a sacrificial altar of Ru.
 10024 | D:9      | Noticed a two-headed ogre
 10036 | D:9      | Killed a two-headed ogre
 10143 | D:9      | Noticed a deep elf pyromancer
 10144 | D:9      | Noticed a two-headed ogre
 10162 | D:9      | Killed a two-headed ogre
 10164 | D:9      | Killed a deep elf pyromancer
 10287 | D:9      | Found a hazy altar of Hepliaklqana.
 10717 | D:10     | Entered Level 10 of the Dungeon
 10793 | D:10     | Reached ***** piety under Wu Jian
 10860 | D:10     | Reached skill level 16 in Polearms
 10915 | D:10     | Reached skill level 1 in Evocations
 11177 | D:10     | Found a hide-covered altar of Uskayaw.
 11396 | D:10     | Found a glowing golden altar of the Shining One.
 11498 | D:10     | Noticed a two-headed ogre
 11526 | D:10     | Killed a two-headed ogre
 11742 | D:10     | Noticed Maurice
 11848 | D:10     | Killed Maurice
 11849 | D:10     | Reached skill level 1 in Shields
 12414 | D:11     | Found Zuperyin's General Store.
 12430 | D:11     | Reached XP level 12. HP: 79/96 MP: 12/12
 12681 | D:1      | Bought 2 sedimented coppery potions for 39 gold pieces
 12681 | D:1      | Bought a sedimented coppery potion for 19 gold pieces
 12681 | D:1      | Bought a potion of heal wounds for 110 gold pieces
 12681 | D:1      | Bought a scroll labelled NAOMUSO TAFYST for 22 gold pieces
 12681 | D:1      | Bought a scroll labelled NAOMUSO TAFYST for 22 gold pieces
 12994 | D:11     | Found Cihir's Antique Weapon Shoppe.
 13110 | D:11     | Found Ucoitt's Antique Weapon Shoppe.
 13153 | D:11     | Reached skill level 17 in Polearms
 13226 | D:11     | Found Dues Uwast's General Store.
 13256 | D:11     | Noticed a two-headed ogre
 13417 | D:10     | Killed a two-headed ogre
 13761 | D:11     | Found a staircase to the Lair.
 13854 | D:11     | Noticed a two-headed ogre
 13867 | D:11     | Killed a two-headed ogre
 14553 | D:12     | Identified the +3 leather armour of the Trees {Contam *Slow
                  | rPois Will+++}
 14582 | D:12     | Reached skill level 10 in Fighting
 14645 | D:12     | Noticed a boulder beetle
 14673 | D:12     | Killed a boulder beetle
 14902 | D:12     | Noticed a six-headed hydra
 14920 | D:12     | Killed a six-headed hydra
 14921 | D:12     | Reached skill level 18 in Polearms
 15466 | D:11     | Reached XP level 13. HP: 44/104 MP: 13/13
 16381 | D:13     | Found a frozen archway.
 16465 | D:12     | Reached skill level 19 in Polearms
 16708 | IceCv    | Entered an ice cave
 16891 | IceCv    | Reached ****** piety under Wu Jian
 17390 | IceCv    | Reached skill level 5 in Shields
 17694 | IceCv    | Noticed a reaper
 17831 | IceCv    | Slain by a reaper

Illustrated notes

Levels and vault maps discovered:
D:1:      dpeg_arrival_concentric_ovals, layout_basic, serial_shops,
          nicolae_shop_bloodbath_and_beyond, nicolae_shop_overgrown_old_shop,
          nicolae_shop_behind_doors, nicolae_shop_crystal,
          shapermc_ecumenical_altar_pompeii
D:2:      layout_loops_corners, kennysheep_cross_bottleneck,
          grunt_decor_resistance
D:3:      layout_loops_corners, nicolae_overflow_crystal_walls, st_stairs_6,
          minmay_surrounded
D:4:      layout_layer_cave, amcnicky_altar_gilded, minmay_manual_mullet
D:5:      layout_loops_cross, kennysheep_little_box, slow_altar_1,
          minmay_temple_entry_ruins, gup_sewer_entry_spiral, uniq_pikel,
          uniq_edmund
D:6:      layout_gridville
D:7:      layout_loops_corners
D:8:      layout_rooms, gammafunk_ghost_hydra_chop, uniq_erica
D:9:      layout_loops_ring, vehumet_crystals, nzn_hepliaklqana_mist_gate,
          mainiacjoe_overflow_surrounded_room, david_orc_4,
          nicolae_lava_and_water, grunt_ministairs_11, nicolae_stop_n_shop_1,
          uniq_harold
D:10:     cheibrodos_frozen_isle, layout_loops_ring, lemuel_tele_altar,
          nicolae_uskayaw_murder_on_the_dancefloor, special_room
          [special_room_orc], serial_bayou_pond_a, uniq_maurice
D:11:     layout_small_grid, due_lair_maze_entry_diamond, serial_shops,
          nicolae_lakefront_shop, nicolae_shop_temple_entry_statues_fountains,
          nicolae_inconvenience_store, nicolae_shop_hallway_plus, special_room
          [special_room_orc]
D:12:     layout_loops_cross
D:13:     minmay_expanding_circles, layout_basic, erik_vaults_1,
          portal_ice_cave_entry_pillars_2
IceCv:    ice_cave_caverns_02

Skill      XL: |  1  2  3  4  5  6  7  8  9 10 11 12 13 |
---------------+----------------------------------------+-----
Polearms       | 5 6 7 9 10 12 15 16 18 19 | 19.1
Armour         | 1 2 3 4 5 6 7 |  7.4
Fighting       | 3 4 5 7 8 9 10 | 10.8
Dodging        | 5 6 7 9 10 11 12 13 | 13.0
Evocations     | 2 4 |  4.0
Shields        | 1 4 5 |  5.0
Throwing       | |  2.0

Action                   |  1- 3 |  4- 6 |  7- 9 | 10-12 | 13-15 || total
-------------------------+-------+-------+-------+-------+-------++-------
Melee: Trident           |   121 |   112 |   465 |  1429 |   348 ||  2475
       Whip              |     4 |     3 |       |       |       ||     7
       Punch             |     1 |     1 |     5 |     3 |       ||    10
       Unarmed           |       |       |       |    38 |       ||    38
       Tailslap          |       |       |       |     9 |       ||     9
Throw: Throwing net      |       |     1 |       |     4 |       ||     5
Invok: Lunge             |     1 |       |     2 |     5 |     1 ||     9
       Whirlwind         |       |       |    12 |    11 |     3 ||    26
       Serpent's Lash    |       |       |       |       |     1 ||     1
       Heavenly Storm    |       |       |       |       |     1 ||     1
 Abil: Wall Jump         |       |       |       |       |     1 ||     1
Evoke: Wand              |       |     5 |     5 |     8 |     7 ||    25
       Phial of floods   |       |       |       |       |     1 ||     1
       Phantom mirror    |       |       |       |       |     1 ||     1
  Use: Scroll            |       |       |     8 |     6 |     2 ||    16
       Potion            |       |       |     4 |       |     4 ||     8
 Stab: Sleeping          |     3 |     1 |     3 |     1 |       ||     8
       Held in net/web   |       |     1 |       |     4 |       ||     5
       Distracted        |       |       |       |     2 |       ||     2
Armor: Leather armour    |    35 |    17 |    35 |       |       ||    87
       Skin              |       |       |     7 |     5 |       ||    12
       Troll leather arm |       |       |    61 |   202 |    26 ||   289
       Ice dragon scales |       |       |       |       |    29 ||    29
       Scale mail        |       |       |       |       |    25 ||    25
Dodge: Dodged            |    66 |    59 |   241 |   641 |   201 ||  1208
Block: Buckler           |       |       |       |   122 |    68 ||   190
